 Dungeon Crawl Stone Soup version 0.23.2-33-g5129a83184 (webtiles) character file.

Game seed: 15085763461532128143

34462 dvd the Basher (level 13, -2/111 HPs)
             Began as a Troll Skald on July 7, 2019.
             Was a High Priest of Okawaru.
             Slain by a hippogriff (4 damage)
             ... on level 6 of the Lair of Beasts.
             The game lasted 00:51:12 (13863 turns).

dvd the Basher (Troll Skald)                       Turns: 13863, Time: 00:51:13

Health: -2/111     AC: 14    Str: 22    XL:     13   Next: 42%
Magic:  19/19      EV: 12    Int: 12    God:    Okawaru [*****.]
Gold:   1115       SH:  0    Dex: 12    Spells: 12/22 levels left

rFire    . . .     SeeInvis +   a - +6 morningstar "Nogusaaf" {drain, rPois rN++ SInv Stlth-}
rCold    . . .     Gourm    +   (no shield)
rNeg     + + .     Faith    .   k - +4 troll leather armour
rPois    +         Spirit   .   (helmet restricted)
rElec    .         Reflect  .   M - +0 cloak
rCorr    +         Harm     .   (gloves unavailable)
MR       +....                  (boots unavailable)
Stlth    ..........             h - amulet of magic regeneration
HPRegen  1.08/turn              x - ring of protection from magic
MPRegen  0.41/turn              F - ring of resist corrosion

@: about to teleport, singing (expiring)
A: large, unfitting armour, claws 3, horns 2, agile 1, fast metabolism 3, frail
1, gourmand, regeneration 1, shaggy fur 1, tough skin 3
a: Heroism, Finesse, Renounce Religion


You were on level 6 of the Lair of Beasts.
You worshipped Okawaru.
Okawaru was extremely pleased with you.
You were very full.

You visited 2 branches of the dungeon, and saw 17 of its levels.
You also visited: Volcano.

You collected 1115 gold pieces.

Inventory:

Hand Weapons
 a - the +6 morningstar "Nogusaaf" (weapon) {drain, rPois rN++ SInv Stlth-}
   (You found it on level 11 of the Dungeon)

   A truly terrible weapon, it drains the life of those it strikes.
   It protects you from poison.
   It greatly protects you from negative energy.
   It lets you see invisible.
   It makes you less stealthy.
 e - a +0 quarterstaff of protection
 n - a +2 quarterstaff of holy wrath
 B - a +3 mace of freezing
 I - a +4 hand axe
 S - the +0 war axe "Beastbane" {flame, Str+6}
   (You found it in a volcano)

   It has been specially enchanted to burn those struck by it, causing extra
   injury to most foes and up to half again as much damage against particularly
   susceptible opponents.
   Big, fiery blades are also staple armaments of hydra-hunters.
   It affects your strength (+6).
 Y - the +4 eveningstar of Usikoc {venom, rF++ rN+ Str-5}
   (Okawaru gifted it to you on level 2 of the Lair of Beasts)

   It poisons the flesh of those it strikes.
   It affects your strength (-5).
   It greatly protects you from fire.
   It protects you from negative energy.
Missiles
 C - 27 tomahawks
 U - a javelin (quivered)
 X - 4 javelins of penetration
Armour
 k - a +4 troll leather armour (worn)
 q - a +2 robe of cold resistance
 z - a +0 large shield
 M - a +0 cloak (worn)
 T - a +2 leather armour of fire resistance
Jewellery
 h - an amulet of magic regeneration (around neck)
 x - a ring of protection from magic (left claw)
 F - a ring of resist corrosion (right claw)
 Q - an uncursed ring of poison resistance {unknown}
Wands
 o - a wand of enslavement (23)
 s - a wand of random effects (40)
 H - a wand of clouds (6)
 N - a wand of flame (14)
 O - a wand of polymorph (5)
 V - a wand of scattershot (14)
 Z - a wand of iceblast (13)
Scrolls
 b - 10 scrolls of remove curse
 f - 24 scrolls of identify
 g - 9 scrolls of teleportation
 i - 3 scrolls of blinking
 p - 4 scrolls of holy word
 r - a scroll of fear
 t - a scroll of magic mapping
 w - 2 scrolls of amnesia
 y - 3 scrolls of enchant weapon
 J - a scroll of enchant armour
Potions
 c - a potion of ambrosia
 j - 6 potions of resistance
 l - 3 potions of curing
 m - 2 potions of berserk rage
 v - 4 potions of might
 A - a potion of invisibility {unknown}
 D - 3 potions of heal wounds
 G - a potion of haste
 K - a potion of flight {unknown}
 L - a potion of mutation
 P - 3 potions of agility
 R - a potion of brilliance
Miscellaneous
 u - a phantom mirror
Comestibles
 d - 29 rations


   Skills:
 + Level 7.1 Fighting
 + Level 12.5(12.9) Maces & Flails
 + Level 4.6(8.9) Staves
 + Level 2.1 Throwing
 + Level 4.5 Armour
 + Level 6.2 Dodging
 + Level 0.9 Stealth
 + Level 0.4 Shields
 + Level 5.2 Spellcasting
 + Level 5.4 Charms
 + Level 1.1 Necromancy
 + Level 4.3 Translocations
 + Level 2.6 Invocations
 + Level 0.4 Evocations


You had 12 spell levels left.
You knew the following spells:

 Your Spells              Type           Power        Failure   Level  Hunger
a - Infusion              Chrm           ###.         2%          1    None
b - Shroud of Golubria    Chrm/Tloc      ##........   4%          2    ##.....
c - Regeneration          Chrm/Necr      ##........   17%         3    ###....
d - Song of Slaying       Chrm           ###.....     3%          2    ##.....
e - Swiftness             Chrm/Air       #.......     11%         2    ##.....

Your spell library contained the following spells:

 Spells                   Type           Power        Failure   Level  Hunger
 Apportation              Tloc           ##....       3%          1    None
 Animate Skeleton         Necr           N/A          14%         1    None
 Beastly Appendage        Tmut           #.....       22%         1    None
 Confusing Touch          Hex            #.....       22%         1    None
 Corona                   Hex            #......      22%         1    None
 Shock                    Conj/Air       #...         22%         1    None
 Summon Small Mammal      Summ           #...         22%         1    None
 Spectral Weapon          Hex/Chrm       #.......     22%         3    ###....
 Portal Projectile        Hex/Tloc       #.....       28%         3    ###....
 Call Imp                 Summ           #.......     34%         2    ##.....
 Poisonous Vapours        Pois/Air       #.....       34%         2    ##.....
 Slow                     Hex            #.......     34%         2    ##.....
 Sticks to Snakes         Tmut           #.......     34%         2    ##.....
 Call Canine Familiar     Summ           #.......     56%         3    ###....
 Conjure Flame            Conj/Fire      #.......     56%         3    ###....
 Inner Flame              Hex/Fire       #.......     56%         3    ###....
 Mephitic Cloud           Conj/Pois/Air  #.......     56%         3    ###....
 Spider Form              Tmut/Pois      #.........   56%         3    ###....
 Static Discharge         Conj/Air       #.......     56%         3    ###....
 Summon Guardian Golem    Hex/Summ       #.......     56%         3    ###....
 Airstrike                Air            #.........   92%         4    ####...
 Cause Fear               Hex            #.........   92%         4    ####...
 Ice Form                 Ice/Tmut       #.......     92%         4    ####...
 Leda's Liquefaction      Hex/Erth       #.........   92%         4    ####...
 Summon Ice Beast         Ice/Summ       #.......     92%         4    ####...
 Summon Lightning Spire   Summ/Air       #.......     92%         4    ####...
 Blade Hands              Tmut           #.........   99%         5    ######.
 Lightning Bolt           Conj/Air       #.........   99%         5    ######.
 Freezing Cloud           Conj/Ice/Air   #.........   100%        6    #######
 Ring of Flames           Chrm/Fire      #.........   100%        7    #######


Dungeon Overview and Level Annotations

Branches:
Dungeon (11/15)            Temple (0/1) D:6            Lair (6/6) D:9
  Swamp (0/4) Lair:3        Snake (0/4) Lair:2        Slime (0/5) Lair:6
    Orc: D:9-12

Altars:
Cheibriados
Dithmenos
Elyvilon
Fedhas
Gozag
Okawaru
Uskayaw
Zin

Shops:
D:4 *   D:6 [

Annotations:
D:11 2 runed translucent doors


Innate Abilities, Weirdness & Mutations

You are too large for most types of armour.
You have claws for hands.
Your metabolism is lightning-fast.
You like to eat raw meat.
Your natural rate of healing is unusually fast.
You are covered in fur. (AC +1)
You have extremely tough skin. (AC +3)
You have a pair of horns on your head.
You are agile. (Dex +2)
You are frail. (-10% HP)


Message History

You puncture the death yak!
The death yak is moderately wounded.
The death yak gores you!
You hit the death yak.
The death yak is moderately wounded.
The death yak barely misses you. The death yak gores you!!
You puncture the death yak! Your headbutt misses the death yak.
The death yak is heavily wounded.
Your song is almost over.
The death yak closely misses you. The death yak gores you!!
* * * LOW HITPOINT WARNING * * *
A hippogriff comes into view.
As you read the scroll of teleportation, it crumbles to dust.
You feel strangely unstable. The yak gores you!
* * * LOW HITPOINT WARNING * * *
The death yak gores you!
* * * LOW HITPOINT WARNING * * *
The hippogriff closely misses you. The hippogriff pecks you.
You die...

**###* ##### ######## #........
,##..####...####..##..###........
,..................†.............
,................................
,................................
,................................
,................................
,.............YY.................
,Y.....^.####.#+@H#..........P..P
,....#....**#.YY.##....###....##*
*§...#....*,##.YP##.....***,,,**,
,.....#..#**,#....#*,,,,,,,,,,***
,........#*,,...##.P,,,,,,,,,,,,,
,,,.P..,,,**....#*....,,*,,,,+,,,
,,,,,,,,,**#...+.**....,****+*,,,
,,,*,**,,* ####.##,,...,***,,**,,
,*,*,*,,,** **,.,**,...,,**,,**,*


You could see 3 death yaks, a hippogriff and 2 yaks.

Vanquished Creatures
  Snorg (Lair:5)
  Fannar (D:9)
  4 hydras
  A two-headed ogre (D:10)
  A death yak (Lair:6)
  Sonja (Lair:5)
  Nergalle (Lair:2)
  Pikel (D:7)
  An ugly thing (D:11)
  3 black mambas
  9 elephants (Lair:2)
  8 spiny frogs
  A molten gargoyle (Volcano)
  A gargoyle (Volcano)
  2 rime drakes
  6 komodo dragons
  A troll (D:9)
  A polar bear (Lair:5)
  A tyrant leech (Lair:3)
  4 blink frogs (Lair:4)
  6 hippogriffs
  Sigmund (D:5)
  9 spriggans
  A vampire (D:11)
  26 yaks
  A wyvern (Lair:4)
  4 basilisks
  2 fire elementals (Volcano)
  A hungry ghost (D:11)
  4 nagas (Lair:2)
  3 swamp worms (Lair:3)
  2 hell hounds (Lair:6)
  11 water moccasins
  9 porcupines
  2 ice beasts
  3 orc warriors
  4 sky beasts
  An eye of draining (D:11)
  2 phantoms
  2 wolves (D:9)
  4 ogres
  6 centaurs
  10 crocodiles
  2 big kobolds (D:9)
  10 bullfrogs
  Blork the orc (D:6)
  A gnoll sergeant (D:9)
  A scorpion (D:6)
  13 wights
  6 killer bees (D:7)
  A howler monkey (D:8)
  An electric eel (D:9)
  5 crimson imps
  6 orc priests
  5 jellies
  3 bullfrog skeletons
  9 hounds
  4 orc wizards
  2 centaur skeletons
  6 iguanas
  Terence (D:3)
  4 worker ants
  2 worker ant zombies
  A howler monkey zombie (D:8)
  13 adders
  14 gnolls
  2 shadow imps (D:9)
  An adder skeleton (D:7)
  An adder zombie (D:8)
  2 worms (D:3)
  4 dart slugs
  11 leopard geckos
  31 orcs
  8 bats
  7 giant cockroaches
  3 goblins
  3 hobgoblins
  14 jackals
  5 quokkas
  A ball python (D:2)
  5 frilled lizards
  16 kobolds
  2 leopard gecko skeletons
  A leopard gecko zombie (D:5)
  A quokka skeleton (D:4)
  8 rats
400 creatures vanquished.

Vanquished Creatures (others)
  2 fungi
  3 plants (Lair:6)
5 creatures vanquished.

Grand Total: 405 creatures vanquished

Notes
Turn   | Place    | Note
-------+----------+-------------------------------------------
     0 | D:1      | dvd the Troll Skald began the quest for the Orb.
     0 | D:1      | Reached XP level 1. HP: 19/19 MP: 1/1
    63 | D:1      | Reached XP level 2. HP: 22/27 MP: 2/2
    66 | D:1      | Reached skill level 2 in Maces & Flails
    71 | D:1      | Learned a level 2 spell: Shroud of Golubria
   789 | D:2      | Reached XP level 3. HP: 35/35 MP: 1/3
  1257 | D:2      | Reached XP level 4. HP: 42/42 MP: 1/4
  1487 | D:3      | Reached XP level 5. HP: 49/49 MP: 4/6
  1541 | D:3      | Learned a level 3 spell: Regeneration
  1647 | D:3      | Reached skill level 1 in Armour
  1734 | D:3      | Reached skill level 1 in Staves
  1739 | D:3      | Noticed Terence
  1746 | D:3      | Killed Terence
  2440 | D:4      | Found Pymontyr's General Store.
  2606 | D:4      | Noticed a centaur
  2607 | D:4      | Found a blossoming altar of Fedhas.
  2646 | D:4      | Reached XP level 6. HP: 56/57 MP: 4/7
  2800 | D:4      | Reached skill level 1 in Translocations
  3003 | D:5      | Entered Level 5 of the Dungeon
  3099 | D:5      | Noticed Sigmund
  3111 | D:5      | Killed Sigmund
  3111 | D:5      | Reached XP level 7. HP: 66/66 MP: 5/9
  3139 | D:5      | Learned a level 2 spell: Song of Slaying
  3488 | D:5      | Reached XP level 8. HP: 74/74 MP: 6/10
  3646 | D:5      | Reached skill level 1 in Throwing
  3939 | D:6      | Found an iron altar of Okawaru.
  3947 | D:6      | Became a worshipper of Warmaster Okawaru
  3997 | D:6      | Found a snail-covered altar of Cheibriados.
  4009 | D:6      | Noticed Blork the orc
  4029 | D:6      | Killed Blork the orc
  4180 | D:6      | Found a staircase to the Ecumenical Temple.
  4532 | D:6      | Found Yvvoman's Armour Boutique.
  4662 | D:7      | Found a white marble altar of Elyvilon.
  4679 | D:7      | Reached * piety under Okawaru
  4679 | D:7      | Reached skill level 3 in Maces & Flails
  4810 | D:7      | Reached skill level 4 in Maces & Flails
  4810 | D:7      | Reached XP level 9. HP: 15/83 MP: 7/12
  4942 | D:7      | Noticed Pikel
  4953 | D:7      | Killed Pikel
  5042 | D:7      | Found an opulent altar of Gozag.
  5585 | D:8      | Found a shadowy altar of Dithmenos.
  5585 | D:8      | Found a glowing silver altar of Zin.
  5598 | D:8      | Found a blossoming altar of Fedhas.
  5654 | D:8      | Reached ** piety under Okawaru
  5665 | D:8      | Reached skill level 5 in Maces & Flails
  5860 | D:8      | Reached skill level 6 in Maces & Flails
  6011 | D:8      | Reached XP level 10. HP: 87/94 MP: 5/13
  6050 | D:8      | Found a hide-covered altar of Uskayaw.
  6382 | D:9      | Found a staircase to the Lair.
  6412 | D:9      | Reached *** piety under Okawaru
  6892 | D:9      | Reached skill level 7 in Maces & Flails
  7177 | D:10     | Entered Level 10 of the Dungeon
  7234 | D:10     | Noticed a two-headed ogre
  7249 | D:10     | Killed a two-headed ogre
  7249 | D:10     | Reached skill level 1 in Invocations
  7769 | D:10     | Reached **** piety under Okawaru
  7785 | D:10     | Reached skill level 8 in Maces & Flails
  8051 | D:11     | Got a shimmering morningstar
  8057 | D:11     | Identified the +6 morningstar "Nogusaaf" {drain, rPois rN++
                  | SInv Stlth-} (You found it on level 11 of the Dungeon)
  8074 | D:11     | Reached XP level 11. HP: 101/101 MP: 13/16
  8101 | D:11     | Found a snail-covered altar of Cheibriados.
  8245 | D:11     | Found a runed translucent door.
  8318 | D:11     | Found a runed translucent door.
  8448 | D:11     | Noticed a white ugly thing
  8455 | D:11     | Killed a white ugly thing
  8568 | D:11     | Reached skill level 5 in Dodging
  8578 | D:11     | Reached skill level 5 in Fighting
  8871 | Lair:1   | Entered Level 1 of the Lair of Beasts
  8871 | Lair:1   | Noticed Fannar
  8894 | D:9      | Killed Fannar
  8894 | D:9      | Reached ***** piety under Okawaru
  8996 | Lair:1   | Reached skill level 9 in Maces & Flails
  9473 | Lair:1   | Received a gift from Okawaru
  9635 | Lair:1   | Noticed a five-headed hydra
  9650 | Lair:1   | Killed a five-headed hydra
  9665 | Lair:1   | Received a gift from Okawaru
  9784 | Lair:2   | Reached skill level 10 in Maces & Flails
  9791 | Lair:2   | Received a gift from Okawaru
  9794 | Lair:2   | Got a sapphire eveningstar {god gift}
  9795 | Lair:2   | Identified the +4 eveningstar of Usikoc {venom, rF++ rN+
                  | Str-5} (Okawaru gifted it to you on level 2 of the Lair of
                  | Beasts)
  9842 | Lair:2   | Noticed a six-headed hydra
  9848 | Lair:2   | Killed a six-headed hydra
  9848 | Lair:2   | Reached XP level 12. HP: 113/113 MP: 12/17
  9884 | Lair:2   | Found a staircase to the Snake Pit.
  9928 | Lair:2   | Noticed Nergalle
  9943 | Lair:2   | Killed Nergalle
 10525 | Lair:3   | Learned a level 2 spell: Swiftness
 10642 | Lair:3   | Reached skill level 11 in Maces & Flails
 10853 | Lair:3   | Identified a scroll of acquirement
 10873 | Lair:3   | Gained mutation: You are frail. (-10% HP) [potion of
                  | mutation]
 10873 | Lair:3   | Gained mutation: You are agile. (Dex +2) [potion of
                  | mutation]
 10873 | Lair:3   | Gained mutation: You have a pair of small horns on your
                  | head. [potion of mutation]
 10873 | Lair:3   | Gained mutation: You have a pair of horns on your head.
                  | [potion of mutation]
 11052 | Lair:3   | Noticed a six-headed hydra
 11053 | Lair:3   | Noticed an eight-headed hydra
 11056 | Lair:3   | Received a gift from Okawaru
 11062 | Lair:3   | Killed a six-headed hydra
 11146 | Lair:2   | Killed an eight-headed hydra
 11419 | Lair:3   | Found a staircase to the Swamp.
 11968 | Lair:4   | Reached skill level 5 in Charms
 11990 | Lair:4   | Reached skill level 1 in Necromancy
 12321 | Lair:4   | Reached skill level 5 in Spellcasting
 12463 | Lair:5   | Reached XP level 13. HP: 109/110 MP: 19/19
 12496 | Lair:5   | Noticed Sonja
 12523 | Lair:5   | Received a gift from Okawaru
 12526 | Lair:5   | Killed Sonja
 12582 | Lair:5   | Reached skill level 12 in Maces & Flails
 12779 | Lair:5   | Noticed Snorg
 12792 | Lair:5   | Killed Snorg
 13411 | Lair:6   | Entered Level 6 of the Lair of Beasts
 13457 | Lair:6   | Found a dark tunnel.
 13478 | Volcano  | Entered a volcano
 13557 | Volcano  | Got a twisted war axe
 13766 | Lair:6   | Identified the cursed +0 war axe "Beastbane" {flame, Str+6}
                  | (You found it in a volcano)
 13863 | Lair:6   | HP: 2/111 [death yak (14)]
 13863 | Lair:6   | Slain by a hippogriff

Skill      XL: |  1  2  3  4  5  6  7  8  9 10 11 12 13 |
---------------+----------------------------------------+-----
Dodging        | 2 3 4 5 6 |  6.2
Maces & Flails | 2 4 6 8 10 11 12 | 12.5
Fighting       | 2 3 4 5 6 7 |  7.1
Armour         | 1 2 3 4 |  4.5
Staves         | 1 2 3 4 |  4.6
Translocations | 1 2 3 4 |  4.3
Spellcasting   | 2 3 4 5 |  5.2
Charms         | 3 4 5 |  5.4
Throwing       | 1 2 |  2.1
Invocations    | 1 2 |  2.6
Necromancy     | 1 |  1.1
Stealth        | |  0.9
Shields        | |  0.4
Evocations     | |  0.4

Action                   |  1- 3 |  4- 6 |  7- 9 | 10-12 | 13-15 || total
-------------------------+-------+-------+-------+-------+-------++-------
Melee: Mace              |   165 |     3 |   288 |   322 |       ||   778
       Quarterstaff      |       |   159 |   135 |       |       ||   294
       Punch             |       |       |     3 |     7 |     3 ||    13
       Morningstar       |       |       |       |   472 |   139 ||   611
       Headbutt          |       |       |       |    13 |    40 ||    53
       Eveningstar       |       |       |       |       |    35 ||    35
Throw: Javelin           |     2 |     7 |    14 |    11 |       ||    34
       Tomahawk          |       |       |     9 |    18 |       ||    27
 Cast: Shroud of Golubri |    12 |    26 |    34 |    76 |    13 ||   161
       Infusion          |       |     1 |     2 |     2 |     2 ||     7
       Song of Slaying   |       |       |     4 |    21 |     5 ||    30
       Regeneration      |       |       |     2 |    11 |     6 ||    19
Invok: Heroism           |       |       |     9 |    29 |     7 ||    45
Evoke: Wand              |       |       |       |     6 |       ||     6
  Use: Scroll            |       |       |     8 |    13 |     3 ||    24
       Potion            |       |       |     3 |     8 |       ||    11
 Stab: Sleeping          |       |       |       |     1 |       ||     1
  Eat: Chunk             |    19 |    20 |    33 |    68 |    17 ||   157
Armor: Robe              |    14 |       |       |       |       ||    14
       Troll leather arm |    78 |    70 |   199 |   343 |   101 ||   791
       Skin              |       |       |    10 |       |       ||    10
Dodge: Dodged            |   132 |    97 |   249 |   456 |   122 ||  1056
Block: Large shield      |       |       |    15 |       |       ||    15
